 Dungeon Sprint DCSS version 0.20-b1-18-gaa2fd62 (webtiles) character file.

3118 potatolord6000 the Protected (level 9, 0/93 HPs)
             Began as a Deep Dwarf Fighter on May 25, 2017.
             Was an Initiate of Gozag.
             Slain by a 14-headed hydra (6 damage)
             ... in the Dungeon (Sprint IX: "|||||||||||||||||||||||||||||").
             The game lasted 00:04:12 (485 turns).

potatolord6000 the Protected (Deep Dwarf Fighter)    Turns: 485, Time: 00:04:12

Health: 0/93       AC: 20    Str: 22    XL:     9   Next: 60%
Magic:  21/21      EV: 14    Int: 13    God:    Gozag
Gold:   642        SH:  0    Dex: 12    Spells: 24/24 levels left

rFire    . . .     SeeInvis .   m - +2 halberd (venom)
rCold    . . .     Gourm    .   (shield currently unavailable)
rNeg     . . .     Faith    .   o - +2 plate armour
rPois    .         Spirit   .   (no helmet)
rElec    .         Reflect  .   (no cloak)
rCorr    .         Harm     .   a - +0 pair of gloves
MR       +....     NoTele   +   n - +0 pair of boots
Stlth    ..........             (no amulet)
Regen    0.0/turn               p - +2 ring of evasion
MPRegen  0.2/turn               b - +3 ring of intelligence

@: gold aura, non-regenerating
A: damage resistance, heal wounds, sense surroundings 2, no regeneration
a: Heal Wounds, Potion Petition, Call Merchant, Bribe Branch, Renounce Religion


You were in the Dungeon.
You worshipped Gozag.
Gozag was pleased with you.
You were not hungry.

You visited 1 branch You collected 1890 gold pieces.
You paid 1248 gold pieces to Gozag.

Inventory:

Hand Weapons
 m - a +2 halberd of venom (weapon)
Armour
 a - a +0 pair of gloves (worn)
 n - a +0 pair of boots (worn)
 o - a +2 plate armour (worn)
Jewellery
 b - a +3 ring of intelligence (right hand)
 p - a +2 ring of evasion (left hand)
Scrolls
 h - 3 scrolls of remove curse
 k - 2 scrolls of blinking
 l - 2 scrolls of amnesia
 q - 2 scrolls of fear
 s - a scroll of recharging
 t - a scroll of fog
Potions
 c - a potion of invisibility
 e - 8 potions of curing
 f - a potion of brilliance
 g - 4 potions of heal wounds
 i - 4 potions of magic
 j - a potion of berserk rage


   Skills:
 + Level 9.6 Fighting
 + Level 9.5 Polearms
 + Level 11.4 Armour
 + Level 11.0 Dodging
   Level 3.2 Shields
 + Level 8.4 Spellcasting


You had 24 spell levels left.
You didn't know any spells.

Dungeon Overview and Level Annotations

Branches:
Dungeon (1/1)

Altars:
Cheibriados
Dithmenos
Elyvilon
Fedhas
Gozag
Hepliaklqana
Kikubaaqudgha
Makhleb
Nemelex Xobeh
Okawaru
Qazlal
Ru
Sif Muna
Trog
Uskayaw
Vehumet
Xom
Yredelemnul
Zin
The Shining One
Beogh
Jiyva
Lugonu

Shops:
D (?


Innate Abilities, Weirdness & Mutations

You are resistant to damage.
You can heal yourself by infusing magical energy.
You passively map the area around you.
You do not regenerate.


Message History

The 13-headed hydra bites you but does no damage.
The 13-headed hydra completely misses you.
The 13-headed hydra closely misses you. The 13-headed hydra barely misses you.
The wolf howls!
You hack one of the 13-headed hydra's heads off!
The 12-headed hydra grows two more!
You slash the 14-headed hydra!
The 14-headed hydra looks as sick as possible!
The 14-headed hydra is almost dead.
The porcupine is distracted by the nearby gold.
The 14-headed hydra bites you but does no damage.
The 14-headed hydra closely misses you. The 14-headed hydra bites you.
The 14-headed hydra bites you!
* * * LOW HITPOINT WARNING * * *
The 14-headed hydra closely misses you.
The 14-headed hydra bites you but does no damage. x3
The 14-headed hydra bites you.
The 14-headed hydra bites you but does no damage. x3
The 14-headed hydra bites you!
You die...
Your body crumbles into a pile of gold.

▓_▓.▓.▓ *$
* *
▓_▓.▓.▓ $
,* *
▓_▓.▓.▓ $
* *
▓_▓.▓∩▓ $
, *
▓_▓.▓.▓,
$* * * ,*
▓_▓.▓.▓, *
, ▓_▓.▓.▓,
$ , ,
▓_▓.▓.▓ *$
, ▓_▓.▓@▓
*$ * *
▓_▓.▓D▓,*$
* * ,
▓_▓.▓D▓, $
, ▓_▓.▓h▓,
$ ,* * * *
* ▓_▓.▓H▓
$ , ,
▓_▓.▓r▓,*$
* ,
▓.▓.▓H▓ $*
▓_▓.▓.▓ $
, ▓_▓.▓ $
,*


You could see a 14-headed hydra, a six-headed hydra, 2 hippogriffs, a wolf and a
porcupine (unaware).

Vanquished Creatures
  A two-headed ogre (D)
  2 spiny frogs (D)
  3 hippogriffs (D)
  A wyvern (D)
  A yak (D)
  A hungry ghost (D)
  2 porcupines (D)
  A water moccasin (D)
  A black bear (D)
  2 ogres (D)
  2 crocodiles (D)
  2 bullfrogs (D)
  A killer bee (D)
  A hound (D)
  A jelly (D)
  A worker ant (D)
  2 adders (D)
  A shadow imp (D)
  A dart slug (D)
  An orc (D)
  A giant cockroach (D)
  A jackal (D)
  A bat (D)
  A frilled lizard (D)
  A giant cockroach zombie (D)
  A rat (D)
34 creatures vanquished.

Notes
Turn   | Place    | Note
-------+----------+-------------------------------------------
     0 | D        | potatolord6000 the Deep Dwarf Fighter began the quest for the Orb.
     0 | D        | Reached XP level 1. HP: 20/20 MP: 1/1
    26 | D        | Reached skill level 1 in Dodging
    43 | D        | Noticed a hound
    43 | D        | Noticed an ogre
    65 | D        | Killed a hound
    65 | D        | Reached skill level 1 in Spellcasting
    65 | D        | Reached XP level 2. HP: 27/28 MP: 1/4
    65 | D        | Reached XP level 3. HP: 33/34 MP: 1/5
    73 | D        | Killed an ogre
    73 | D        | Reached skill level 5 in Armour
    73 | D        | Reached XP level 4. HP: 36/45 MP: 1/8
    86 | D        | Found a roughly hewn altar of Beogh.
    86 | D        | Found a snail-covered altar of Cheibriados.
    86 | D        | Found a shadowy altar of Dithmenos.
    86 | D        | Found a white marble altar of Elyvilon.
    86 | D        | Found a blossoming altar of Fedhas.
    86 | D        | Found an opulent altar of Gozag.
    87 | D        | Found a hazy altar of Hepliaklqana.
    88 | D        | Found a viscous altar of Jiyva.
    89 | D        | Found an ancient bone altar of Kikubaaqudgha.
    90 | D        | Found a corrupted altar of Lugonu.
    91 | D        | Found a burning altar of Makhleb.
    92 | D        | Found a sparkling altar of Nemelex Xobeh.
    93 | D        | Found an iron altar of Okawaru.
    94 | D        | Became a worshipper of Gozag Ym Sagoz the Greedy
    97 | D        | Found a stormy altar of Qazlal.
    98 | D        | Found a sacrificial altar of Ru.
    99 | D        | Found a deep blue altar of Sif Muna.
   100 | D        | Found a bloodstained altar of Trog.
   101 | D        | Found a hide-covered altar of Uskayaw.
   102 | D        | Found a radiant altar of Vehumet.
   104 | D        | Found a shimmering altar of Xom.
   105 | D        | Found a basalt altar of Yredelemnul.
   106 | D        | Found a glowing silver altar of Zin.
   107 | D        | Found a glowing golden altar of the Shining One.
   162 | D        | Noticed a crocodile
   162 | D        | Noticed an ogre
   162 | D        | Noticed a two-headed ogre
   163 | D        | Reached skill level 5 in Dodging
   163 | D        | Reached XP level 5. HP: 51/51 MP: 8/10
   167 | D        | Reached skill level 5 in Fighting
   170 | D        | Killed a crocodile
   170 | D        | Reached skill level 5 in Polearms
   176 | D        | Killed a two-headed ogre
   176 | D        | Reached XP level 6. HP: 27/66 MP: 10/15
   176 | D        | Reached XP level 7. HP: 30/72 MP: 10/16
   199 | D        | Noticed a yak
   199 | D        | Noticed a wyvern
   199 | D        | Noticed a hungry ghost
   210 | D        | Killed a yak
   210 | D        | Reached XP level 8. HP: 77/81 MP: 17/17
   244 | D        | Paralysed by fainting for 12 turns
   379 | D        | Noticed a spiny frog
   379 | D        | Noticed a hippogriff
   387 | D        | Killed a spiny frog
   387 | D        | Reached skill level 10 in Armour
   390 | D        | Noticed a spiny frog
   403 | D        | Killed a hippogriff
   403 | D        | Reached skill level 10 in Dodging
   403 | D        | Gained mutation: You passively map the area around you. [Deep Dwarf growth]
   403 | D        | Reached XP level 9. HP: 50/90 MP: 20/20
   413 | D        | Killed a spiny frog
   450 | D        | Noticed a six-headed hydra
   450 | D        | Noticed a six-headed hydra
   485 | D        | Slain by a 14-headed hydra

Skill      XL: |  1  2  3  4  5  6  7  8  9 |
---------------+----------------------------+-----
Polearms       | 3 4 7 8 9 |  9.5
Dodging        | 3 4 5 8 10 11 | 11.0
Fighting       | 3 4 7 8 9 |  9.6
Armour         | 4 5 6 9 10 11 | 11.4
Spellcasting   | 1 2 3 6 7 8 |  8.4
Shields        | |  3.2

Action                   |  1- 3 |  4- 6 |  7- 9 || total
-------------------------+-------+-------+-------++-------
Melee: Trident           |    52 |     7 |       ||    59
       Halberd           |       |    13 |   115 ||   128
Invok: Call Merchant     |       |       |     2 ||     2
 Abil: Heal Wounds       |       |     1 |     5 ||     6
  Use: Potion            |     2 |       |     3 ||     5
       Scroll            |       |       |     2 ||     2
 Stab: Distracted        |       |     1 |     1 ||     2
  Eat: Bread ration      |       |       |     1 ||     1
Armor: Scale mail        |    20 |     2 |       ||    22
       Plate armour      |       |     3 |   127 ||   130
Dodge: Dodged            |    24 |    11 |   114 ||   149
